Map: Rifts to Korhal

Players

KarTooN

  • Race: Terran Terran
  • Spawn Location: 7:00

NamroodTuo

  • Race: Zerg Zerg

VOD

Have the link to the VOD?

Description

Time

  • Played on: April 28, 2023, 10:40 a.m.
  • Length: 24:45
Show
View Real Time Build Order
Export as new Build Order

KarTooN Terran 

Build Orders:  

Get SALT Encoding   

  12  0:07  SCV  
  13  0:24  SCV  
  14  0:41  SCV  
  14  0:42  Barracks  
  15  0:54  Supply Depot  
  15  1:00  Refinery  
  15  1:24  SCV  
  15  1:26  Supply Depot  
  16  1:41  SCV  
  16  1:44  Barracks  
  17  1:58  SCV  
  18  2:07  Refinery  
  18  2:25  SCV  
  19  2:35  Barracks Tech Lab  
  19  2:36  Barracks Tech Lab  
  19  2:42  SCV  
  20  2:59  SCV  
  21  3:19  Orbital Command, Barracks  
  21  3:32  Engineering Bay  
  21  3:42  Engineering Bay  
  21  3:46  Marauder  
  23  3:58  Marauder  
  23  4:08  Barracks Tech Lab  
  25  4:29  Barracks  
  25  4:30  SCV  
  26  4:47  SCV  
  27  5:04  SCV  
  27  5:05  Factory  
  28  5:21  SCV  
  29  5:35  Supply Depot  
  29  5:57  Unknown  
  29  6:07  Supply Depot  
  29  6:27  Command Center  
  29  6:28  SCV  
  30  6:34  Barracks Tech Lab  
  30  6:38  Supply Depot  
  30  6:39  Barracks Reactor  
  30  6:43  Concussive Shells  
  30  6:45  SCV  
  31  6:56  Stabilizer Medpacks  
  31  7:02  SCV  
  31  7:05  Medic  
  34  7:22  Supply Depot  
  34  7:45  Terran Infantry Weapons Level 1  
  34  7:46  Terran Infantry Armor Level 1  
  34  7:47  Unknown  
  34  7:54  Armory  
  34  8:02  Marine x2  
  34  8:03  Marine x3  
  39  8:26  Marine  
  39  8:27  Marine x4  
  44  8:36  Marine  
  44  8:37  Marine x2  
  47  9:08  Marauder x3  
  53  9:20  Marauder  
  47  9:39  Marine  
  41  9:40  Medic  
  41  9:41  Medic x2  
  45  9:50  Medic  
  45  9:51  Medic x2  
  45  10:02  Orbital Command  
  45  10:04  SCV  
  44  10:21  SCV  
  44  10:26  Unknown  
  45  10:38  Terran Infantry Weapons Level 2, SCV  
  46  10:42  Terran Infantry Armor Level 2  
  46  10:55  SCV  
  47  11:00  Marine  
  47  11:01  Marine x4  
  52  11:10  Marine  
  52  11:11  Marine  
  52  11:12  SCV  
  54  11:34  Marine  
  54  11:35  Marine x4  
  53  11:45  Marine x3  
  53  11:46  Marine  
  55  11:55  Marauder  
  55  11:56  Marauder x2  
  61  12:02  SCV  
  61  12:04  SCV  
  61  12:54  Marauder  
  61  12:55  Marauder x2  
  67  13:07  Marauder  
  67  13:08  Marauder x2  
  73  13:20  Marauder x2  
  73  13:29  Marine  
  78  13:50  Supply Depot  
  78  13:52  Unknown  
  78  13:54  Supply Depot  
  78  13:55  Supply Depot  
  78  13:57  Supply Depot  
  78  14:00  Supply Depot  
  78  14:02  Supply Depot  
  78  14:17  Marine x2, Medic, Marauder  
  78  14:18  Medic  
  78  14:27  Marine x2, Medic  
  86  14:33  Marine  
  86  14:34  Marine  
  86  14:37  Marine x3  
  89  14:43  Marine  
  89  14:44  Marine  
  89  14:47  Marine x2  
  92  14:53  Marine  
  92  14:54  Marine x2  
  92  14:58  Marine x2  
  97  15:03  Marine  
  97  15:04  Marine  
  101  15:10  Marauder x2  
  98  16:10  Medic x2  
  103  16:11  Medic  
  109  16:20  Medic x2  
  109  16:21  Marauder  
  115  16:30  Marauder  
  115  16:31  Marauder  
  115  16:34  Marauder  
  121  16:43  Marauder  
  121  16:44  Marauder  
  125  16:56  Marine  
  126  17:17  Supply Depot  
  126  17:19  Supply Depot  
  126  17:28  Supply Depot  
  126  17:35  Supply Depot  
  126  17:39  Marine  
  126  17:45  Marine x2, Marauder x2  
  126  17:49  Marine  
  131  17:50  Supply Depot  
  131  17:53  Supply Depot  
  131  17:55  Marine x2  
  131  17:57  Marine x2  
  131  17:59  Marine  
  132  18:05  Marine x2  
  132  18:07  Marine x2  
  132  18:09  Marine  
  136  18:15  Marine x2  
  136  18:18  Marine x2  
  111  18:20  Marine  
  141  18:25  Marine x2  
  141  18:28  Marine x2  
  146  18:30  Marine  
  146  18:35  Marine  
  150  19:11  Marauder x3  
  118  19:23  Marauder  
  118  19:24  Marauder x2  
  118  19:35  Medic  
  118  19:36  Medic x2  
  122  19:46  Medic x3  
  126  19:56  Medic x2  
  130  20:32  Supply Depot  
  130  20:33  Supply Depot  
  130  20:34  Supply Depot  
  130  20:36  Supply Depot  
  130  20:44  Marauder  
  130  20:45  Marauder x2  
  136  20:57  Marauder  
  136  20:58  Marauder  
  134  21:06  Marine  
  134  21:07  Marine x2, Supply Depot x2  
  134  21:09  Marine, Supply Depot  
  127  21:10  Marine  
  127  21:12  Supply Depot  
  127  21:16  Marine  
  127  21:17  Marine  
  106  21:22  Marine  
  106  21:23  Marine x2  
  106  21:27  Marine x2  
  97  21:41  Supply Depot  
  97  21:44  Marine x5  
  97  21:47  Supply Depot  
  102  21:54  Marine  
  103  22:05  Marine  
  103  22:06  Marine x4  
  108  22:15  Marine  
  108  22:16  Marine  
  108  22:17  Marauder  
  108  23:12  Marine  
  108  23:13  Marine x4  
  108  23:23  Marine x4  
  108  23:24  Marine  
  110  23:33  Marine x4  
  110  23:34  Marine  
  113  23:43  Marine  
  113  23:44  Marine x4  
  116  23:54  Marine  
Show
View Real Time Build Order
Export as new Build Order

NamroodTuo Zerg 

Build Orders:  

Get SALT Encoding   

  12  0:21  Infested Barracks  
  12  0:32  Overlord  
  12  0:39  Infested SCV  
  13  0:44  Infested SCV  
  14  0:51  Infested SCV  
  15  1:00  Infested SCV  
  16  1:22  Infestation Level 1  
  16  1:27  Infested SCV  
  17  1:32  Infested SCV  
  17  1:38  Infested SCV  
  19  1:42  Infested SCV  
  20  1:53  Overlord  
  20  2:06  Infested Refinery  
  20  2:09  Infested SCV  
  21  2:23  Infested Refinery  
  21  2:30  Overlord  
  21  2:37  Infested Marine  
  21  2:38  Infested Marine x8  
  21  2:39  Infested Marine  
  21  3:10  Infested SCV x2  
  21  3:13  Infested Barracks Tech Lab  
  23  3:39  Infested SCV  
  28  3:53  Infested Bunker  
  28  3:58  Anaerobic Enhancement  
  28  4:03  Infested SCV  
  28  4:05  Infested SCV x2  
  31  4:20  Infested SCV  
  31  4:26  Infested Engineering Bay  
  31  4:27  Retinal Augmentation  
  32  4:34  Infested SCV  
  33  5:03  Infested SCV  
  33  5:06  Infested SCV  
  35  5:14  Infested Factory  
  35  5:46  Infested Command Center  
  35  5:50  Unknown  
  35  6:13  Stukov Infantry Armor Level 1  
  35  6:22  Infested Armory  
  35  6:23  Infested SCV x2  
  37  6:42  Overlord x3  
  37  6:54  Infestation Level 2  
  37  7:30  Infested SCV  
  37  7:32  Aggressive Incubation  
  37  7:33  Infested SCV  
  37  7:36  Infested SCV  
  40  8:22  Infested SCV x2  
  40  8:23  Infested SCV  
  40  8:26  Infested Refinery  
  43  8:36  Infested SCV, Infested Bunker  
  48  8:53  Regenerative Plating  
  48  8:54  Broodling Gestation  
  48  9:23  Infested Refinery  
  48  9:24  Infested SCV x3  
  55  9:43  Infested Bunker  
  55  9:59  Infested Marine  
  56  10:00  Infested Marine x18  
  56  10:01  Infested Barracks, Infested Marine  
  75  10:10  Infested SCV  
  75  10:11  Infested SCV x2  
  78  10:24  Infestation Level 3  
  78  10:25  Overlord x4  
  78  10:55  Stukov Infantry Armor Level 2  
  78  11:01  Plagued Munitions  
  78  11:10  Infested SCV  
  78  11:11  Infested SCV x3  
  78  11:18  Overseer x3  
  78  11:19  Overseer x2  
  82  11:31  Infested Marine  
  82  11:32  Infested Marine x14  
  82  11:33  Infested Marine x2  
  90  11:45  Infested Factory Tech Lab  
  79  11:56  Infested Marine x4  
  79  11:57  Infested Marine x2  
  85  12:24  Infested Marine  
  85  12:25  Infested Marine x5  
  90  12:43  Infested Bunker  
  92  12:57  Infested Bunker  
  80  13:10  Infested Marine  
  80  13:11  Infested Marine x13  
  80  13:12  Infested Marine x11  
  101  13:22  Infested Bunker  
  100  13:31  Stukov Vehicle and Ship Weapons Level 1  
  100  13:35  Saturated Cultures  
  100  13:43  Infested SCV  
  100  13:45  Overlord  
  100  13:46  Overlord x3  
  101  14:02  Infested Diamondback  
  101  14:05  Calcified Armor  
  98  14:29  Infested Marine  
  97  14:30  Infested Marine x17  
  97  14:34  Caustic Mucus  
  108  14:57  Infested Bunker  
  112  15:05  Stukov Infantry Weapons Level 1, Infested Bunker  
  104  15:21  Infested Marine x2  
  104  15:22  Infested Marine x8  
  118  15:32  Infested Bunker  
  118  15:39  Infested Diamondback  
  115  16:11  Stukov Vehicle and Ship Armor Level 1  
  114  16:22  Overlord x3  
  114  16:23  Overlord  
  107  16:33  Infested Bunker  
  107  17:03  Infested Diamondback x3  
  106  17:21  Infested Marine  
  106  17:22  Infested Marine x12, Infested Missile Turret  
  106  17:23  Infested Marine x21  
  106  17:24  Infested Marine  
  141  17:45  Stukov Infantry Armor Level 3  
  139  17:50  Infested Missile Turret  
  128  18:23  Infested Diamondback  
  128  18:24  Infested Diamondback x4  
  147  19:02  Infested Bunker  
  147  19:05  Infested Bunker  
  151  19:14  Stukov Vehicle and Ship Armor Level 2  
  129  19:21  Infested Colonist Compound  
  129  20:37  Infested Bunker  
  129  20:39  Infested Bunker  
  141  20:52  Infested Bunker  
  126  21:08  Infested Marine  
  126  21:09  Infested Marine x12  
  124  21:10  Infested Marine x19  
  124  21:11  Infested Marine x8  
  151  21:43  Infested Bunker  
  157  21:50  Infested Bunker  
  157  21:57  Infested Bunker  
  158  23:06  Infested Marine  
  158  23:07  Infested Marine x15  
  158  23:08  Infested Marine x13  
  152  23:19  Infested Marine  
  153  23:20  Infested Marine x8  
  153  23:21  Infested Marine x5  
Tags
 
Commander
RaynorStukov
Matchup
Co-op
Replay Pack
Multiplayer
Add a new tag
Caveats
  • Supply blocks, unpowered buildings, or Contaminate may cause inaccurate times.
  • Supply counts are checked every 10 seconds.